 Dungeon Crawl Stone Soup version 0.31.0-11-ge490571c62 (webtiles) character file.

Game seed: 17403940933325635597

1392 Killerpretzel the Changeling (level 8, -2/81 HPs)
             Began as an Octopode Shapeshifter on Feb 9, 2024.
             Slain by a troll (4 damage)
             ... on level 6 of the Dungeon.
             The game lasted 00:12:56 (4916 turns).

Killerpretzel the Changeling (OpSh)                 Turns: 4916, Time: 00:12:57

Health: -2/81      AC: 24    Str: 13    XL:     8   Next: 68%
Magic:  8/8        EV:  2    Int: 13    God:
Gold:   273        SH:  0    Dex: 13    Spells: 7/7 levels left

rFire   . . .        l - +0 short sword (flame)
rCold   . . .        (no shield)
rNeg    . . .        (helmet currently unavailable)
rPois   +            (no amulet)
rElec   .            g - +5 ring of evasion
rCorr   .            (no ring)
SInv    .            (no ring)
Will    .....        (no ring)
Stlth   +            (no ring)
HPRegen 0.33/turn    (no ring)
MPRegen 0.11/turn    (no ring)
                     (no ring)

%: no passive effects
@: tree-form (expiring)
A: stationary, stasis, torment immunity, boosted hp, almost no armour,
(amphibious), 8 rings, (camouflage 1), (gelatinous body 1), (nimble swimmer 1),
(tentacles)
a: no special abilities


You were on level 6 of the Dungeon.
You were a tree.
You visited 1 branch of the dungeon, and saw 6 of its levels.
You also visited: Ossuary.

You collected 273 gold pieces.

Inventory:

Hand Weapons
 h - a +1 short sword of speed
 l - a +0 short sword of flaming (weapon)
Missiles
 f - 7 boomerangs (quivered)
Jewellery
 g - a +5 ring of evasion (left branch)
 q - a ring of ice
 r - an amulet of faith
Talismans
 b - a beast talisman
 c - a flux talisman
Wands
 s - a wand of mindburst (16)
 w - a wand of polymorph (5)
Scrolls
 i - a scroll of teleportation
 k - 3 scrolls of identify {unknown}
 o - 2 scrolls of poison {unknown}
 u - a scroll of blinking {unknown}
Potions
 a - 2 potions of lignification
 d - 2 potions of mutation {unknown}
 e - a potion of degeneration {unknown}
 j - 3 potions of heal wounds {unknown}
 m - a potion of curing {unknown}
 n - 2 potions of brilliance {unknown}
 p - a potion of berserk rage {unknown}
 t - a potion of haste {unknown}
 v - a potion of resistance {unknown}


   Skills:
 + Level 4.6 Fighting
 + Level 4.9 Dodging
 + Level 5.4 Unarmed Combat
 * Level 6.7 Shapeshifting


You had 7 spell levels left.
You didn't know any spells.
Your spell library contained the following spells:

 Spells                   Type           Power      Damage    Failure   Level
 Leda's Liquefaction      Alch/Erth      0%         N/A       97%         4
 Lee's Rapid Deconstruct  Erth           0%         3d4*      100%        5
 Bombard                  Conj/Erth      0%         9d1       100%        6


Dungeon Overview and Level Annotations

Branches:
Dungeon (6/15)            Ossuary (visited)
 Temple: D:4-7

Altars:
Cheibriados
Hepliaklqana


Innate Abilities, Weirdness & Mutations

You are a tree.
Your roots penetrate the ground, keeping you stationary.
You cannot be teleported.
You are immune to unholy pain and torment.
Your maximum health is greatly increased.
You cannot wear most types of armour.
((You are amphibious.))
You can wear up to eight rings at the same time.
((Your skin changes colour to match your surroundings (Stealth+).))
((Your rubbery body absorbs attacks. (AC +1, EV +1)))
((You are camouflaged when in or above water. (Stealth+)))
((You have tentacles for arms and can constrict up to eight enemies at once.))


Message History

You closely miss the troll.
The troll is lightly wounded.
The troll bites you but does no damage. The troll claws you.
The troll claws you but does no damage.
You hit the troll but do no damage.
The troll is lightly wounded.
Your transformation is almost over.
The troll bites you! The troll claws you. x2
You hit the troll. You burn the troll.
The troll is lightly wounded.
The troll bites you!
* * * LOW HITPOINT WARNING * * *
The troll claws you but does no damage. x2
You closely miss the troll.
The troll is lightly wounded.
The troll bites you but does no damage. The troll claws you but does no damage.
The troll claws you.
* * * LOW HITPOINT WARNING * * *
You hit the troll. You burn the troll.
The troll is moderately wounded.
The troll bites you but does no damage. The troll claws you but does no damage.
The troll claws you.
* * * LOW HITPOINT WARNING * * *
You closely miss the troll.
The troll is moderately wounded.
The troll barely misses you.
The troll claws you but does no damage. x2
You hit the troll but do no damage.
The troll is moderately wounded.
The troll bites you!
* * * LOW HITPOINT WARNING * * *
The troll claws you but does no damage. x2
You hit the troll. You burn the troll.
The troll is moderately wounded.
The troll bites you but does no damage.
The troll claws you but does no damage. x2
You closely miss the troll.
The troll is moderately wounded.
The troll bites you!
* * * LOW HITPOINT WARNING * * *
The troll claws you.
You die...

#...<.+
#.......#...?.#
#.......#.....#
###+#......
#.##..#
..........# #+
#..#
..........+
...(
..........#
.^..
........T.#
.....
........♣.#
..........###
.######.....#
#.....# #†....#
#.....# #.....#
#.....# #<....#


You could see a troll.

Vanquished Creatures
  Menkaure (D:5)
  3 ogres (D:5)
  2 elf zombies (Ossuary)
  2 scorpions
  A howler monkey (D:5)
  4 centaur zombies (Ossuary)
  4 hounds
  2 orc priests
  An iguana (D:5)
  An orc wizard (D:4)
  9 hound zombies (Ossuary)
  3 mummies
  4 adders
  A shadow imp (D:5)
  4 adder zombies (Ossuary)
  2 ribbon worms
  2 dart slugs (D:1)
  22 orcs
  4 ball pythons
  5 bats
  9 endoplasms
  4 giant cockroaches
  7 gnoll zombies (Ossuary)
  4 goblins
  6 hobgoblins
  2 quokkas
  A frilled lizard (D:1)
  2 jackal zombies (Ossuary)
  14 kobolds
  5 kobold zombies
  6 orc zombies
  7 rats
144 creatures vanquished.

Notes
Turn   | Place    | Note
-------+----------+-------------------------------------------
     0 | D:1      | Killerpretzel the Octopode Shapeshifter began the quest for
                  | the Orb.
     0 | D:1      | Reached XP level 1. HP: 13/13 MP: 1/1
    89 | D:1      | Reached XP level 2. HP: 18/18 MP: 2/2
   253 | D:1      | Reached XP level 3. HP: 14/23 MP: 3/3
   532 | D:1      | Found a faded altar of an unknown god.
   919 | D:2      | Reached XP level 4. HP: 29/29 MP: 4/4
  1367 | D:3      | Reached skill level 4 in Shapeshifting
  1473 | D:3      | Reached XP level 5. HP: 34/34 MP: 5/5
  1814 | D:3      | Found a hazy altar of Hepliaklqana.
  2441 | D:4      | Reached XP level 6. HP: 41/41 MP: 6/6
  2601 | D:4      | Found a sand-covered staircase.
  2609 | Ossuary  | Entered an ossuary
  2762 | Ossuary  | Reached skill level 5 in Shapeshifting
  2807 | Ossuary  | Reached XP level 7. HP: 32/46 MP: 7/7
  3293 | D:4      | Found a snail-covered altar of Cheibriados.
  3585 | D:5      | Entered Level 5 of the Dungeon
  3680 | D:5      | Noticed Menkaure
  3689 | D:5      | Killed Menkaure
  3690 | D:5      | Reached XP level 8. HP: 13/54 MP: 8/8
  3978 | D:5      | Reached skill level 5 in Unarmed Combat
  3978 | D:5      | Reached skill level 6 in Shapeshifting
  4895 | D:6      | Noticed a troll
  4916 | D:6      | HP: 2/81 [troll (7)]
  4916 | D:6      | Slain by a troll

Illustrated notes

Levels and vault maps discovered:
D:1:      mrwooster_arrival_arrow, layout_rooms,
          hellmonk_ecumenical_altar_defaced_shrine, st_stairs_10
D:2:      layout_basic, minmay_pentomino_u4
D:3:      layout_basic, nzn_hepliaklqana_mist_gate
D:4:      layout_basic, slow_altar_2, nicolae_ossuary_entry_giza
D:5:      layout_loops_corners, serial_bayou_pond_c, uniq_menkaure
D:6:      layout_gridville, minmay_temple_entry_statues_pillars,
          roderic_roman_lattice, kennysheep_doodads

Skill      XL: |  1  2  3  4  5  6  7  8 |
---------------+-------------------------+-----
Fighting       | 2 3 4 |  4.6
Shapeshifting  | 4 5 6 |  6.7
Dodging        | 3 4 |  4.9
Unarmed Combat | 4 5 |  5.4

Action                     |  1- 3 |  4- 6 |  7- 9 || total
---------------------------+-------+-------+-------++-------
  Melee: Unarmed           |    48 |       |       ||    48
         Constrict         |    13 |    33 |    28 ||    74
         Tentacles         |     8 |    34 |    35 ||    77
         Punch             |     1 |     5 |     9 ||    15
         Short sword       |    11 |   129 |   134 ||   274
  Throw: Boomerang         |    11 |    48 |    54 ||   113
    Use: Scroll            |       |     4 |       ||     4
         Potion            |       |       |     1 ||     1
   Stab: Sleeping          |     3 |     3 |     4 ||    10
         Distracted        |       |     1 |       ||     1
 Armour: Skin              |    24 |    38 |    79 ||   141
  Dodge: Dodged            |    43 |   122 |    87 ||   252
